Map: Cactus Valley LE (Void)

Players

AgCl

  • Race: Protoss Protoss

benny - Winner!

  • Race: Terran Terran

Eidsus - Winner!

  • Race: Terran Terran

VOD

Have the link to the VOD?

Description

Time

  • Played on: May 1, 2015, 7:11 a.m.
  • Length: 10:45
Show
View Real Time Build Order
Export as new Build Order

AgCl Protoss 

Build Orders: Oracle Opening, Oracle Opening, Carrier Rush 

Get SALT Encoding   

  12  0:02  Probe  
  13  0:14  Probe  
  14  0:34  Pylon  
  14  0:39  Assimilator  
  14  0:52  Probe  
  15  0:58  Gateway  
  15  1:04  Probe (Chrono Boost)  
  16  1:15  Probe (Chrono Boost)  
  17  1:21  Probe (Chrono Boost)  
  17  1:23  Pylon  
  18  1:32  Probe (Chrono Boost)  
  19  1:38  Probe  
  20  1:49  Cybernetics Core  
  20  1:51  Probe  
  20  1:52  Zealot (Chrono Boost)  
  23  2:03  Probe  
  24  2:15  Probe  
  24  2:20  Nexus  
  24  2:26  Assimilator  
  24  2:30  Stargate  
  24  2:31  Warp Gate (Chrono Boost)  
  24  2:37  Probe  
  25  2:50  Probe  
  26  2:56  Pylon  
  26  3:03  Probe  
  27  3:15  Oracle (Chrono Boost)  
  27  3:17  Probe  
  31  3:22  Assimilator  
  31  3:28  Assimilator  
  31  3:29  Probe, Pylon  
  31  3:33  Probe (Chrono Boost)  
  31  3:44  Fleet Beacon  
  31  3:47  Probe (Chrono Boost)  
  32  3:54  Probe (Chrono Boost)  
  34  3:56  Probe (Chrono Boost)  
  34  4:01  Probe (Chrono Boost)  
  38  4:10  Mothership Core (Chrono Boost)  
  38  4:11  Probe (Chrono Boost)  
  38  4:13  Carrier (Chrono Boost)  
  38  4:18  Probe  
  39  4:25  Probe  
  39  4:30  Probe  
  41  4:37  Probe  
  45  4:42  Probe  
  43  4:55  Probe (Chrono Boost)  
  43  4:58  Graviton Catapult (Chrono Boost)  
  45  5:00  Probe (Chrono Boost)  
  45  5:04  Probe (Chrono Boost)  
  46  5:10  Probe  
  46  5:12  Probe  
  48  5:18  Nexus, Protoss Air Weapons Level 1 (Chrono Boost)  
  48  5:24  Oracle (Chrono Boost)  
  51  5:29  Probe  
  51  5:30  Probe  
  53  5:36  Forge  
  53  5:41  Probe  
  53  5:52  Probe  
  53  5:55  Void Ray (Chrono Boost)  
  58  6:04  Probe, Stargate  
  58  6:05  Probe  
  58  6:06  Pylon  
  60  6:16  Carrier (Chrono Boost)  
  60  6:24  Probe x2  
  68  6:43  Probe  
  63  6:48  Carrier (Chrono Boost)  
  59  7:09  Probe (Chrono Boost)  
  59  7:11  Probe (Chrono Boost)  
  59  7:13  Carrier (Chrono Boost)  
  55  7:20  Photon Cannon  
  42  8:00  Void Ray  
  41  8:17  Stalker  
  41  8:24  Nexus  
  37  8:27  Robotics Facility  
  37  8:36  Assimilator  
  37  8:39  Pylon  
  37  8:40  Assimilator  
  37  8:41  Pylon  
  37  8:55  Pylon  
  37  9:22  Probe  
  38  9:39  Observer (Chrono Boost)  
  39  9:53  Observer (Chrono Boost)  
  42  10:03  Probe x2 (Chrono Boost)  
  43  10:15  Probe (Chrono Boost)  
Show
View Real Time Build Order
Export as new Build Order

benny Terran - Winner!

Build Orders: Command Center First (CC), Mech 

Get SALT Encoding   

  12  0:01  SCV  
  13  0:14  Supply Depot  
  13  0:17  SCV  
  14  0:29  SCV  
  15  0:41  SCV  
  16  0:57  Command Center  
  16  1:00  SCV  
  17  1:12  Barracks  
  17  1:16  SCV  
  18  1:20  Refinery  
  18  1:28  SCV  
  18  1:32  Refinery  
  19  1:40  SCV  
  19  1:41  Supply Depot  
  20  1:52  SCV  
  21  1:59  Marine  
  22  2:04  Orbital Command  
  22  2:24  Factory  
  22  2:25  Marine  
  22  2:28  SCV  
  24  2:31  SCV  
  25  2:42  Orbital Command  
  25  2:45  SCV  
  24  2:52  Marine  
  24  2:57  SCV  
  26  3:09  SCV  
  26  3:10  Marine  
  26  3:12  Factory Tech Lab  
  28  3:13  SCV  
  29  3:21  SCV  
  29  3:25  SCV  
  31  3:28  Marine  
  31  3:33  SCV  
  31  3:34  Cyclone  
  31  3:37  SCV  
  35  3:42  Supply Depot  
  35  3:44  Supply Depot  
  35  3:45  SCV, Marine  
  37  3:49  SCV  
  37  3:52  Bunker  
  38  3:57  SCV  
  38  4:01  SCV  
  40  4:08  Cyclone  
  44  4:10  SCV  
  44  4:12  Marine  
  44  4:13  SCV  
  45  4:22  SCV  
  45  4:25  SCV, Engineering Bay  
  45  4:29  Marine  
  45  4:34  SCV  
  45  4:36  Engineering Bay  
  45  4:40  SCV  
  45  4:46  SCV, Cyclone  
  45  4:47  Marine  
  45  4:52  SCV  
  51  4:57  Missile Turret  
  51  4:58  SCV  
  52  5:04  SCV  
  52  5:05  Marine  
  54  5:09  Missile Turret  
  54  5:10  SCV  
  55  5:16  SCV  
  55  5:21  Factory  
  56  5:22  SCV  
  56  5:23  Marine  
  56  5:24  Factory  
  60  5:32  SCV, Siege Tank  
  62  5:40  Refinery  
  62  5:41  Refinery  
  62  5:55  Supply Depot  
  62  5:56  Supply Depot  
  62  5:58  Barracks Reactor  
  62  5:59  Command Center  
  62  6:05  Supply Depot  
  62  6:06  Supply Depot  
  62  6:10  Factory Reactor  
  62  6:11  Starport  
  62  6:12  Factory Tech Lab  
  62  6:17  SCV x2  
  64  6:29  SCV x2  
  65  6:36  Armory  
  63  6:41  SCV x2  
  63  6:42  Marine x2  
  63  6:44  Widow Mine x2  
  63  6:45  Widow Mine  
  71  6:48  Viking  
  71  6:55  SCV  
  71  6:56  SCV  
  70  7:04  Marine x2  
  70  7:12  SCV  
  70  7:13  SCV  
  66  7:26  Marine x2  
  66  7:27  Viking  
  66  7:29  Widow Mine  
  65  7:30  Widow Mine x2  
  65  7:33  SCV x2  
  71  7:37  Orbital Command  
  71  7:39  Factory  
  68  7:44  Marine  
  68  7:45  Refinery  
  68  7:47  Barracks  
  68  7:48  Refinery  
  68  7:49  Barracks  
  67  7:52  Starport  
  67  7:54  Starport  
  67  7:58  Widow Mine  
  65  8:19  Marine x2  
  65  8:23  SCV x2  
  64  8:28  Factory Reactor  
  64  8:33  Viking x2  
  68  8:35  SCV x2  
  68  8:37  Marine  
  68  8:38  Terran Vehicle and Ship Weapons Level 1  
  71  8:43  SCV  
  71  8:47  SCV x2  
  71  8:48  Factory Reactor  
  74  8:50  Factory Tech Lab  
  74  8:54  Factory Tech Lab  
  74  8:55  SCV  
  75  8:59  SCV  
  75  9:00  SCV  
  75  9:02  Marine x2  
  78  9:03  Armory  
  78  9:08  Starport Reactor  
  78  9:09  SCV, Starport Reactor  
  80  9:12  SCV  
  80  9:16  Viking x2  
  85  9:18  Thor  
  85  9:19  Thor, Factory Reactor  
  85  9:20  Missile Turret x2  
  85  9:21  SCV  
  92  9:27  Missile Turret x2  
  92  9:29  Missile Turret x2  
  90  9:34  Marine x2  
  90  9:35  Marine x2  
  90  9:36  Starport  
  90  9:37  Starport  
  81  9:56  Viking  
  81  9:57  Viking  
  81  9:58  Marine x2  
  90  10:04  SCV x2  
  92  10:14  Viking  
  94  10:16  Marine x2  
  76  10:44  Command Center  
Show
View Real Time Build Order
Export as new Build Order

Eidsus Terran - Winner!

Build Orders:  

Get SALT Encoding   

Tags
 
Add a new tag
Caveats
  • Supply blocks, unpowered buildings, or Contaminate may cause inaccurate times.
  • Supply counts are checked every 10 seconds.